AoeStats
← El Destungador

African Clearing

510320186Analyzed
3v3 RM · 5h ago on Sep 30, 2026· 46m 41s· 6 players
Game mode
Random Map
Map size
Normal (6 player)
Population
200
Speed
Normal
Resources
Standard
Victory
Conquest
Starting age
Dark Age
Ending age
Imperial Age
RankedLock teamsTeams togetherTeam positionsShared explorationLock speedFull tech treeHidden civsTurbo modeCheats
Victory
Defeat
🇹🇼 Varangians · Taiwan
995
+16
🇪🇸 Aztecs · Spain
981
+16
🇨🇳 Wei · China
931
+19
🇺🇸 Varangians · United States
995
-17
🇦🇷 Vietnamese · Argentina
992
-17
🇨🇱 Inca · Chile
984
-17
El Destungador
5:26 Loom
16:55 Feudal Age
17:27 Gold Mining
17:27 Stone Mining
17:28 Horse Collar
17:33 Double-Bit Axe
24:23 Castle Age
23:44 Scale Mail Armor
23:54 Forging
23:44 Gold Mining
31:52 Stone Mining
33:12 Squires
39:00 Heavy Plow
39:11 Bow Saw
39:20 Bow Saw
Red Death
12:41 Loom
14:30 Feudal Age
15:54 Horse Collar
15:40 Man-at-Arms
17:01 Arson
21:02 Forging
22:54 Castle Age
24:25 Long Swordsman
25:35 Squires
25:36 Gambesons
26:16 Scale Mail Armor
32:44 Pikeman
35:12 Wheelbarrow
37:22 Town Watch
Saga
13:36 Loom
15:23 Feudal Age
20:40 Castle Age
22:45 Fletching
23:07 Forging
23:10 Crossbowman
34:43 Thumb Ring
35:02 Ballistics
jj.moreno.minas
12:04 Feudal Age
12:15 Loom
19:07 Castle Age
17:31 Gold Mining
17:49 Double-Bit Axe
17:57 Arson
18:32 Forging
19:26 Scale Mail Armor
20:02 Squires
19:38 Eagle Warrior
22:43 Gold Shaft Mining
24:20 Chain Mail Armor
29:41 Stone Mining
36:59 Imperial Age
34:53 Bow Saw
35:19 Horse Collar
39:59 Iron Casting
42:30 Elite Jaguar Warrior
43:34 Garland Wars
45:39 Elite Skirmisher
SASHIME
9:13 Loom
15:06 Feudal Age
19:37 Castle Age
19:29 Double-Bit Axe
20:20 Squires
25:11 Forging
27:16 Wheelbarrow
27:52 Scale Mail Armor
28:27 Iron Casting
29:33 Hand Cart
34:44 Imperial Age
33:28 Chain Mail Armor
36:07 Elite Varangian Guard
37:19 Plate Mail Armor
39:05 Blast Furnace
40:21 Arson
41:13 Conscription
42:27 Scale Barding Armor
42:05 Capped Ram
43:54 Chain Barding Armor
43:36 Husbandry
45:23 Bloodlines
44:37 Gothikon
45:28 Vendel Legacy
46:40 Gambesons
zcy2825309606
12:00 Loom
14:12 Feudal Age
14:48 Double-Bit Axe
20:12 Castle Age
19:00 Scale Barding Armor
21:26 Fletching
24:40 Padded Archer Armor
25:39 Husbandry
25:57 Horse Collar
27:54 Wheelbarrow
28:31 Forging
30:50 Stone Mining
30:50 Gold Mining
31:53 Hand Cart
31:24 Town Watch
32:15 Heavy Plow
33:34 Chain Barding Armor
34:55 Iron Casting
36:44 Bodkin Arrow
46:43 Stone Shaft Mining
47:18 Gold Shaft Mining
Connection lost

Rejoining the realm…

Still unreachable

The connection could not be restored.

Session expired

The server has moved on; the page needs a fresh start.